 Dungeon Crawl Stone Soup version 0.30.0-15-g856e2d3f33 (webtiles) character file.

Game seed: 12514289668610369642

2088 Persephone the Severer (level 9, 0/105 HPs)
             Began as a Hill Orc Fighter on May 19, 2023.
             Was an Initiate of Beogh.
             Succumbed to a gnoll's poison
             ... on level 6 of the Dungeon.
             The game lasted 00:08:21 (5464 turns).

Persephone the Severer (Hill Orc Fighter)           Turns: 5464, Time: 00:08:21

Health: 0/105      AC:  9    Str: 26    XL:     9   Next: 27%
Magic:  9/9        EV:  7    Int: 14    God:    Beogh [......]
Gold:   351        SH: 13    Dex: 17    Spells: 8/8 levels left

rFire   . . .        a - +0 war axe
rCold   . . .        j - +0 tower shield
rNeg    + . .        b - +0 scale mail
rPois   .            n - +0 helmet
rElec   .            l - scarf {repulsion}
rCorr   .            (no gloves)
SInv    .            k - +0 pair of boots
Will    .....        (no amulet) Stlth
                     q - ring of Vuemunk {rN+ Str+3 Int+6 Dex+7}
HPRegen 0.37/turn    (no ring)
MPRegen 0.11/turn

%: repel missiles
@: berserking, lethally poisoned (0 -> -8), weakened, very quick
A: no striking features
a: Renounce Religion


You were on level 6 of the Dungeon.
You worshipped Beogh.
Beogh was noncommittal.
You visited 1 branch of the dungeon, and saw 6 of its levels.

You collected 351 gold pieces.

Inventory:

Hand Weapons
 a - a +0 war axe (weapon)
Armour
 b - a +0 scale mail (worn)
 j - a +0 tower shield (worn)
 k - a +0 pair of boots (worn)
 l - a scarf of repulsion (worn)
 n - a +0 helmet (worn)
Jewellery
 q - the ring of Vuemunk (left hand) {rN+ Str+3 Int+6 Dex+7}
   (You found it on level 3 of the Dungeon)

   [ring of intelligence]

   Str:       It affects your strength (+3).
   Int:       It affects your intelligence (+6).
   Dex:       It affects your dexterity (+7).
   rN:        It protects you from negative energy.
Wands
 i - a wand of iceblast (5)
 t - a wand of digging (7)
 u - a wand of quicksilver (8)
 x - a wand of mindburst (11)
Scrolls
 g - a scroll of fear
 m - 2 scrolls of fog
 r - a scroll of teleportation
Potions
 c - a potion of ambrosia {unknown}
 d - 2 potions of might
 e - a potion of magic
 f - 4 potions of attraction
 h - a potion of mutation
 o - 2 potions of curing
 s - 2 potions of haste {unknown}
 v - a potion of resistance {unknown}
 w - a potion of degeneration {unknown}
 z - a potion of flight {unknown}


   Skills:
 - Level 3.6 Fighting
 + Level 15.4 Axes
 - Level 3.2 Armour
 - Level 3.2 Shields


You had 8 spell levels left.
You didn't know any spells.
Your spell library contained the following spells:

 Spells                   Type           Power      Damage    Failure   Level
 Magic Dart               Conj           0%         1d3       98%         1
 Sting                    Tmut/Pois      0%         1d3       98%         1
 Poisonous Vapours        Pois/Air       0%         N/A       99%         2
 Searing Ray              Conj           0%         2d4       99%         2
 Gell's Gravitas          Tloc           0%         N/A       100%        3
 Teleport Other           Tloc           0%         N/A       100%        3
 Fulminant Prism          Conj/Hex       0%         3d5       100%        4
 Olgreb's Toxic Radiance  Pois           0%         N/A       100%        4
 Summon Ice Beast         Ice/Summ       0%         N/A       100%        4
 Summon Mana Viper        Hex/Summ       0%         N/A       100%        5
 Dispersal                Tloc           0%         N/A       100%        6
 Monstrous Menagerie      Summ           0%         N/A       100%        7


Dungeon Overview and Level Annotations

Branches:
Dungeon (6/15)             Temple (0/1) D:5

Altars:
Fedhas
Gozag
Qazlal
Sif Muna
Xom

Shops:
D:2 *   D:4 *

Annotations:
D:5 1 runed translucent door, pablito's ghost, novice OgCA


Message History

Unknown command.
You are too injured to fight recklessly!
Unknown command.
You are too injured to fight recklessly!
Unknown command.
You are too injured to fight recklessly!
Unknown command.
You hit the gnoll bouda.
The gnoll bouda is moderately wounded.
You hit the gnoll.
You feel sick. You block the gnoll's attack. x2
The gnoll barely misses you. You block the gnoll's attack.
The gnoll barely misses you.
You hit the gnoll bouda.
The gnoll bouda is heavily wounded.
You slash the gnoll!
You feel sick. You block the gnoll's attack. The gnoll closely misses you.
The gnoll bouda hits you with a +0 whip.
The gnoll hits you from afar with a +0 halberd!
* * * LOW HITPOINT WARNING * * *
The gnoll hits you from afar with a +0 spear.
* * * LOW HITPOINT WARNING * * *
The gnoll hits you with a +2 halberd of venom.
* * * LOW HITPOINT WARNING * * *
You are more poisoned.
You slash the gnoll bouda!
You kill the gnoll bouda!
Beogh accepts your kill.
Beogh appreciates your killing of a heretic priest.
You hit the gnoll but do no damage.
* * * LOW HITPOINT WARNING * * *
You feel very sick. You block the gnoll's attack.
The gnoll hits you from afar with a +0 halberd.
* * * LOW HITPOINT WARNING * * *
The gnoll hits you from afar with a +0 halberd!
* * * LOW HITPOINT WARNING * * *
You block the gnoll's attack.
A red film seems to cover your vision as you go berserk!
You feel yourself moving faster!
You feel mighty!
You die...

...#..#.# #.# #....... ...#..#.#
######### #####... ...#..#.#
#........ #...
...####.########........ #...
...............#........ #...
#####..........#......♣ #...
#..........#†...♣ #...
####..........#....♣ ####
##.............'@.g♣..♣
...............#gsg.♣ ###
.....^.........#gg..♣ #.#
...............#......♣ #.##
...^...........#........ #..#
...^...........#........ #...
..^^^..........#........ #.##
.^.............###############.+.
^..^^.....^......#.............##


You could see a scorpion and 5 gnolls.

Vanquished Creatures
  Grinder (D:4)
  Sigmund (D:4)
  Edmund (D:4)
  Menkaure (D:4)
  2 water moccasins (D:5)
  An ice beast (D:5)
  An ogre (D:4)
  A centaur (D:5)
  4 phantoms (D:5)
  A bullfrog (D:6)
  4 scorpions
  2 hounds
  2 jellies
  A gnoll bouda (D:6)
  2 iguanas
  A sleepcap (D:6)
  Ijyb (D:5)
  Terence (D:2)
  5 adders
  4 worms
  2 dart slugs
  13 orcs
  5 ball pythons
  7 endoplasms
  A giant cockroach (D:3)
  4 goblins
  9 hobgoblins
  2 jackals (D:2)
  6 kobolds
  A quokka (D:2)
  6 bats
  6 frilled lizards
  12 rats
111 creatures vanquished.

Vanquished Creatures (others)
  3 orcs (D:5)
3 creatures vanquished.

Grand Total: 114 creatures vanquished

Notes
Turn   | Place    | Note
-------+----------+-------------------------------------------
     0 | D:1      | Persephone the Hill Orc Fighter began the quest for the
                  | Orb.
     0 | D:1      | Reached XP level 1. HP: 19/19 MP: 1/1
    37 | D:1      | Reached skill level 3 in Axes
   268 | D:1      | Reached XP level 2. HP: 26/26 MP: 2/2
   295 | D:1      | Reached skill level 4 in Axes
   562 | D:1      | Reached XP level 3. HP: 31/31 MP: 3/3
   854 | D:2      | Found a faded altar of an unknown god.
   968 | D:2      | Reached skill level 5 in Axes
  1014 | D:2      | Noticed Terence
  1025 | D:2      | Killed Terence
  1026 | D:2      | Reached XP level 4. HP: 35/39 MP: 4/4
  1160 | D:2      | Found Lubaog's General Store.
  1311 | D:2      | Reached skill level 6 in Axes
  1833 | D:3      | Found a stormy altar of Qazlal.
  2159 | D:3      | Identified the ring of Vuemunk {rN+ Str+3 Int+6 Dex+7}
  2326 | D:3      | Reached XP level 5. HP: 32/45 MP: 5/5
  2639 | D:4      | Noticed Menkaure
  2723 | D:3      | Reached skill level 7 in Axes
  2733 | D:4      | Killed Menkaure
  2734 | D:4      | Reached skill level 8 in Axes
  2734 | D:4      | Reached XP level 6. HP: 46/51 MP: 6/6
  2848 | D:4      | Reached skill level 9 in Axes
  2894 | D:4      | Found a shimmering blue altar of Sif Muna.
  2952 | D:4      | Noticed Sigmund
  2973 | D:4      | Killed Sigmund
  2974 | D:4      | Reached skill level 10 in Axes
  2974 | D:4      | Reached XP level 7. HP: 30/57 MP: 7/7
  3073 | D:4      | Noticed Grinder
  3111 | D:4      | Paralysed by Grinder for 5 turns
  3119 | D:4      | Paralysed by Grinder for 4 turns
  3156 | D:4      | Killed Grinder
  3157 | D:4      | Reached skill level 11 in Axes
  3277 | D:4      | Found Heymeg's Gadget Gallery.
  3409 | D:4      | Noticed Edmund
  3419 | D:4      | Killed Edmund
  3420 | D:4      | Reached skill level 12 in Axes
  3420 | D:4      | Reached XP level 8. HP: 53/64 MP: 8/8
  3806 | D:5      | Entered Level 5 of the Dungeon
  3851 | D:5      | Became a worshipper of Beogh the Brigand
  3862 | D:5      | Reached skill level 13 in Axes
  4130 | D:5      | Reached skill level 14 in Axes
  4140 | D:5      | Noticed Ijyb
  4149 | D:5      | Killed Ijyb
  4210 | D:5      | Found a staircase to the Ecumenical Temple.
  4219 | D:5      | Reached XP level 9. HP: 45/70 MP: 9/9
  4451 | D:5      | Found a runed translucent door.
  4452 | D:5      | Noticed pablito's ghost (novice OgCA)
  4945 | D:6      | Found an opulent altar of Gozag.
  4946 | D:6      | Found a shimmering altar of Xom.
  4947 | D:6      | Found a blossoming altar of Fedhas.
  4956 | D:6      | Reached skill level 15 in Axes
  5463 | D:6      | HP: 1/70 [gnoll/+0 halberd[a gnoll bouda] (8)]
  5464 | D:6      | Succumbed to a gnoll's poison

Illustrated notes

Levels and vault maps discovered:
D:1:      lemuel_arrival_rhombus, layout_basic, patterned_corridor
D:2:      layout_basic, serial_shops, shop,
          shapermc_ecumenical_altar_flowoftime, uniq_terence
D:3:      layout_basic, mainiacjoe_overflow_alcove_1
D:4:      layout_loops_ring, mainiacjoe_overflow_tiny_flanked,
          nicolae_shop_gadgets, uniq_grinder, uniq_sigmund, uniq_menkaure,
          uniq_edmund
D:5:      layout_basic, minmay_temple_entry_mini_moons, gammafunk_ghost_grave,
          cheibrodos_sewer_entry_bend, grunt_ministairs_5,
          hangedman_decor_opposing, uniq_ijyb
D:6:      layout_basic, chequers_temple_overflow_statue_of_worship,
          minmay_holes, kennysheep_generic_room_2

Skill      XL: |  1  2  3  4  5  6  7  8  9 |
---------------+----------------------------+-----
Axes           | 3 4 5 6 8 10 12 14 15 | 15.4
Fighting       | |  3.6
Armour         | |  3.2
Shields        | |  3.2

Action                     |  1- 3 |  4- 6 |  7- 9 || total
---------------------------+-------+-------+-------++-------
  Melee: War axe           |    82 |   134 |   160 ||   376
 Invoke: Convert to Beogh  |       |       |     1 ||     1
    Use: Potion            |       |     1 |     1 ||     2
         Scroll            |       |       |    11 ||    11
 Armour: Scale mail        |    41 |    44 |    39 ||   124
  Dodge: Dodged            |    34 |    41 |    26 ||   101
  Block: Buckler           |    14 |     5 |       ||    19
         Tower shield      |       |    76 |   105 ||   181
